 Dungeon Crawl Stone Soup version 0.31-a0-344-gd109795599 (webtiles) character file.

Game seed: 18236625319718795330

29 GordonOverkill the Sneak (level 3, -3/29 HPs)
             Began as a Mummy Delver on July 22, 2023.
             Slain by an orc
             ... wielding a +0 war axe
              (7 damage)
             ... on level 5 of the Dungeon.
             The game lasted 00:03:09 (490 turns).

GordonOverkill the Sneak (Mummy Delver)              Turns: 490, Time: 00:03:09

Health: -3/29      AC:  3    Str: 15    XL:     3   Next: 1%
Magic:  5/5        EV: 11    Int: 11    God:
Gold:   20         SH:  0    Dex: 13    Spells: 4/4 levels left

rFire   x . .        a - +0 spear
rCold   + . .        (no shield)
rNeg    + + +        g - +0 leather armour
rPois   ∞            (no helmet)
rElec   .            (no cloak)
rCorr   .            (no gloves)
SInv    .            (no boots)
Will    .....        (no amulet)
Stlth   ++           (no ring)
HPRegen 0.24/turn    (no ring)
MPRegen 0.09/turn

%: faith
@: no status effects
A: cold resistance 1, negative energy resistance 3, torment resistance 2, heat
vulnerability 1, in touch with death 1, no potions, faith
a: no special abilities


You were on level 5 of the Dungeon.
You visited 1 branch of the dungeon, and saw 2 of its levels.

You collected 20 gold pieces.

Inventory:

Hand Weapons
 a - a +0 spear (weapon)
 b - a +0 sling
Armour
 g - a +0 leather armour (worn)
Wands
 f - a wand of digging (3)
Scrolls
 c - a scroll of fog
 d - a scroll of revelation
 e - a scroll of fear
Miscellaneous
 h - a piece from Xom's chessboard (13/15)


   Skills:
 - Level 3.0 Fighting
 - Level 2.0 Polearms
 - Level 1.5 Dodging
 + Level 4.3 Stealth
 + Level 1.4 Spellcasting
 + Level 0.9 Evocations


You had 4 spell levels left.
You didn't know any spells.
Your spell library was empty.

Dungeon Overview and Level Annotations

Branches:
Dungeon (6/15)
 Temple: D:4-7

Altars:

Annotations:
D:5 exclusion: downstairs


Innate Abilities, Weirdness & Mutations

You are immune to poison.
Your flesh is cold resistant. (rC+)
You are immune to negative energy. (rN+++)
You are immune to unholy pain and torment.
You are vulnerable to heat. (rF-)
You are in touch with the powers of death.
You do not drink.
You have a special connection with the divine. (Faith)


Message History

You are too injured to fight recklessly!
You are too injured to fight recklessly!
You closely miss the orc.
The orc is heavily wounded.
The orc hits you with a +0 hand axe!
* * * LOW HITPOINT WARNING * * *
You hit the orc.
The orc is almost dead.
The orc hits you with a +0 hand axe.
* * * LOW HITPOINT WARNING * * *
You closely miss the orc.
The orc is almost dead.
The orc barely misses you.
You hit the orc.
You kill the orc!
You have reached level 3!
Your experience leads to an increase in your attributes!
Increase (S)trength, (I)ntelligence, or (D)exterity?
You feel clever. x2
You feel more in touch with the powers of death.
You make a move on Xom's chessboard...
The orc falls asleep!
Unknown command.
The helpless orc fails to defend itself.
You hit the orc.
The orc is lightly wounded.
The orc hits you with a +0 war axe.
* * * LOW HITPOINT WARNING * * *
You closely miss the orc.
The orc is lightly wounded.
The orc barely misses you.
You hit the orc.
The orc is moderately wounded.
The orc hits you with a +0 war axe!
* * * LOW HITPOINT WARNING * * *
You hit the orc.
The orc is severely wounded.
The orc barely misses you.
You make a move on Xom's chessboard...
The orc is moving more slowly.
The orc hits you with a +0 war axe!
You die...

#.###..##.. #)#
#..# #.#####...
#.o..####..
##....# . #....#
.. #.# #....# .
#.### .
#....#####
.###... .
###..o@..#
..##.#####.
######.#
#....#..... #.#
#..#.#.8888
#.####..#.#.8888
#.....>##.......
#######...#.....
#.###..... #.#
#..... #.#
#.8888


You could see an orc (petrifying).

Vanquished Creatures
  A shadow imp (D:5)
  10 orcs
11 creatures vanquished.

Notes
Turn   | Place    | Note
-------+----------+-------------------------------------------
     0 | D:5      | GordonOverkill the Mummy Delver began the quest for the
                  | Orb.
     0 | D:5      | Reached XP level 1. HP: 18/18 MP: 1/1
    68 | D:6      | Reached XP level 2. HP: 24/24 MP: 1/3
    83 | D:6      | Reached skill level 1 in Spellcasting
    87 | D:6      | Noticed a two-headed ogre
   485 | D:5      | Gained mutation: You are in touch with the powers of death.
                  | [Mummy growth]
   485 | D:5      | Reached XP level 3. HP: 13/29 MP: 5/5
   490 | D:5      | Slain by an orc

Illustrated notes

Levels and vault maps discovered:
D:5:      layout_basic, nicolae_uskayaw_suspiria,
          lemuel_zombie_altar_kikubaaqudgha, gammafunk_ghost_stat_death,
          serial_bayou_pond_b, hellmonk_bongcloud_opening
D:6:      layout_cave_pools, general_overflow_altar,
          nicolae_qazlal_style_of_elements

Skill      XL: |  1  2 |
---------------+-------+-----
Spellcasting   | 1 |  1.4
Polearms       | 2 |  2.0
Fighting       | |  3.0
Dodging        | |  1.5
Stealth        | |  4.3
Evocations     | |  0.9

Action                     || total
---------------------------++-------
  Melee: Spear             ||    19
   Fire: Sling             ||    24
  Evoke: Piece from Xom's  ||     2
   Stab: Sleeping          ||     1
 Armour: Leather armour    ||     1
  Dodge: Dodged            ||    10

Table legend: (Time is in decaauts)
 A = Elapsed time spent in this place.
 B = Non-inter-level travel time spent in this place.
 C = Inter-level travel time spent in this place.
 D = Time resting spent in this place.
 E = Time spent auto-exploring this place.
 F = Levels seen in this place.
 G = Mean time per level.
                   A        B        C        D        E       F      G
               +--------+--------+--------+--------+--------+-----+--------+
         Total |    495 |    495 |      0 |    279 |      0 |   2 |  247.5 |
       Dungeon |    495 |    495 |      0 |    279 |      0 |   2 |  247.5 |
               +--------+--------+--------+--------+--------+-----+--------+

Top non-repeatable levels by time:
     D:5: 386 daAuts
     D:6: 108 daAuts
